 Dungeon Crawl Stone Soup version 0.31-a0-819-gf6de2f5ab6 (webtiles) character file.

Game seed: 15332945396637771507

28 Shayle the Ducker (level 3, 0/36 HPs)
             Began as an Ogre Hexslinger on Sept 24, 2023.
             Succumbed to Sigmund's poison
             ... on level 2 of the Dungeon.
             The game lasted 00:01:01 (1066 turns).

Shayle the Ducker (Ogre Hexslinger)                 Turns: 1066, Time: 00:01:02

Health: 0/36       AC:  3    Str: 12    XL:     3   Next: 12%
Magic:  4/4        EV: 10    Int: 14    God:
Gold:   48         SH:  0    Dex: 13    Spells: 4/4 levels left

rFire   + . .        a - +1 sling
rCold   + . .        (no shield)
rNeg    . . .        c - +0 robe
rPois   +            (helmet restricted)
rElec   +            (no cloak)
rCorr   +            (gloves unavailable)
SInv    .            (boots unavailable)
Will    .....        (no amulet)
Stlth   +            (no ring)
HPRegen 0.26/turn    (no ring)
MPRegen 0.09/turn

%: no passive effects
@: lethally poisoned (0 -> -15), resistant, hasted, very quick
A: large, unfitting armour, tough skin 1
a: no special abilities


You were on level 2 of the Dungeon.
You visited 1 branch of the dungeon, and saw 2 of its levels.

You collected 48 gold pieces.

Inventory:

Hand Weapons
 a - a +1 sling (weapon)
Armour
 c - a +0 robe (worn)
Jewellery
 k - a +4 ring of protection
Scrolls
 b - a scroll of poison
 d - 2 scrolls of teleportation {unknown}
 e - a scroll of enchant weapon {unknown}
 g - a scroll of blinking {unknown}
 h - 2 scrolls of identify {unknown}
 i - a scroll of fear {unknown}
Potions
 j - a potion of haste
 l - a potion of attraction {unknown}


   Skills:
 + Level 2.5 Fighting
 - Level 1.3 Ranged Weapons
 * Level 2.8 Dodging
 - Level 1.2 Spellcasting
 - Level 2.6 Hexes
 - Level 0.8 Fire Magic


You had 4 spell levels left.
You didn't know any spells.
Your spell library contained the following spells:

 Spells                   Type           Power      Damage    Failure   Level
 Jinxbite                 Hex            16%        N/A       13%         2
 Sigil of Binding         Hex            8%         N/A       26%         3
 Inner Flame              Hex/Fire       5%         N/A       36%         3
 Cause Fear               Hex            4%         N/A       65%         4
 Dimensional Bullseye     Hex/Tloc       2%         N/A       83%         4


Dungeon Overview and Level Annotations

Branches:
Dungeon (2/15)

Altars:

Annotations:
D:2 Sigmund


Innate Abilities, Weirdness & Mutations

You are too large for most types of armour.
You have tough skin. (AC +1)


Message History

Sigmund is moderately wounded.
An endoplasm comes into view.
There are monsters nearby!
You shoot a sling bullet.
The sling bullet closely misses Sigmund.
The endoplasm quivers.
The sling bullet hits the endoplasm.
The endoplasm is heavily wounded.
You shoot a sling bullet. The sling bullet hits Sigmund.
Sigmund is heavily wounded.
Sigmund barely misses you.
You shoot a sling bullet. The sling bullet hits Sigmund.
Sigmund is severely wounded.
Sigmund hits you but does no damage.
You are poisoned.
You shoot a sling bullet. The sling bullet barely misses Sigmund.
The sling bullet hits the endoplasm.
The endoplasm is heavily wounded.
You feel very sick.
Sigmund hits you from afar with a +1 scythe of venom.
You shoot a sling bullet. The sling bullet hits Sigmund!
Sigmund is almost dead.
You feel sick.
Sigmund says, "You will soon forget everything."
Sigmund hits you from afar with a +1 scythe of venom!
You are lethally poisoned!
You shoot a sling bullet. The sling bullet hits the endoplasm.
You kill the endoplasm!
You feel extremely sick.
You are too injured to fight recklessly!
Unknown command.
It was a potion of haste.
You feel yourself speed up.
* * * LOW HITPOINT WARNING * * *
You feel very sick.
Sigmund points at you and mumbles some strange words.
The magic dart hits you!
* * * LOW HITPOINT WARNING * * *
It was a potion of resistance.
You feel protected.
You die...

.......
.(.....
♣♣♣.......
#.#.......
#.........
#...@.....
#.......!.
##.@.#
#....#
##♣.♣..#
#.♣.♣..#
#.♣.♣..#
#.♣.♣.##
#.♣.♣.#
#.♣.♣.#
#.....#


You could see Sigmund.

Vanquished Creatures
  A dart slug (D:1)
  4 bats
  3 endoplasms
  4 goblins (D:1)
  3 hobgoblins (D:1)
  3 ball pythons (D:1)
  A kobold (D:1)
  5 rats (D:1)
24 creatures vanquished.

Notes
Turn   | Place    | Note
-------+----------+-------------------------------------------
     0 | D:1      | Shayle the Ogre Hexslinger began the quest for the Orb.
     0 | D:1      | Reached XP level 1. HP: 19/19 MP: 2/2
   136 | D:1      | Reached XP level 2. HP: 28/28 MP: 3/3
   929 | D:1      | Reached XP level 3. HP: 36/36 MP: 4/4
  1056 | D:2      | Noticed Sigmund
  1066 | D:2      | Succumbed to Sigmund's poison

Illustrated notes

Levels and vault maps discovered:
D:1:      dpeg_arrival_morbid_curiosity, layout_basic
D:2:      wad_lake_hut, layout_basic, serial_forest, infiniplex_forest_end_2,
          infiniplex_forest_lined_3, infiniplex_forest_end_1,
          infiniplex_forest_lined_4_way, infiniplex_forest_lined_2,
          infiniplex_forest_split, infiniplex_forest_corner_1,
          infiniplex_forest_straight_4, infiniplex_forest_straight_2,
          uniq_natasha, uniq_crazy_yiuf_cottage, uniq_sigmund

Skill      XL: |  1  2 |
---------------+-------+-----
Dodging        | 2 |  2.8
Fighting       | 2 |  2.5
Ranged Weapons | |  1.3
Spellcasting   | |  1.2
Hexes          | |  2.6
Fire Magic     | |  0.8

Action                     || total
---------------------------++-------
   Fire: Sling             ||    79
    Use: Potion            ||     2
 Armour: Robe              ||    25
  Dodge: Dodged            ||    17

Table legend: (Time is in decaauts)
 A = Elapsed time spent in this place.
 B = Non-inter-level travel time spent in this place.
 C = Inter-level travel time spent in this place.
 D = Time resting spent in this place.
 E = Time spent auto-exploring this place.
 F = Levels seen in this place.
 G = Mean time per level.
                   A        B        C        D        E       F      G
               +--------+--------+--------+--------+--------+-----+--------+
         Total |   1092 |   1040 |     52 |      0 |    892 |   2 |  546.0 |
       Dungeon |   1092 |   1040 |     52 |      0 |    892 |   2 |  546.0 |
               +--------+--------+--------+--------+--------+-----+--------+

Top non-repeatable levels by time:
     D:1: 1061 daAuts
     D:2: 30 daAuts
